AoeStats
← Osan

Nomad

508476666Analyzed
3v3 RM · 10d ago on Sep 22, 2026· 38m 20s· 6 players
Game mode
Random Map
Map size
210×210
Population
200
Speed
Normal
Resources
Standard
Victory
Conquest
Starting age
Dark Age
Ending age
Imperial Age
RankedLock teamsTeams togetherTeam positionsShared explorationLock speedFull tech treeHidden civsTurbo modeCheats
Victory
Defeat
🇫🇷 Bohemians · France
1229
+14
🇩🇪 Spanish · Germany
1218
+15
🇩🇪 Vietnamese · Germany
1200
+16
1238
-17
🇷🇺 Persians · Russia
1215
-16
🇷🇺 Koreans · Russia
1125
-12
[Opa] GuDock
7:21 Loom
14:24 Feudal Age
18:47 Fishing Lines
22:35 Castle Age
21:04 Double-Bit Axe
22:38 Crossbowman
23:23 Thumb Ring
33:15 Husbandry
33:41 Bow Saw
35:00 Wheelbarrow
34:43 Forging
37:50 Scale Barding Armor
37:44 Horse Collar
Osan
5:12 Loom
12:41 Feudal Age
14:45 Double-Bit Axe
21:22 Castle Age
20:13 Forging
21:48 Bloodlines
21:52 Husbandry
24:11 Town Watch
28:21 Fletching
29:31 Light Cavalry
32:29 Elite Skirmisher
сашка фермер
5:01 Loom
12:22 Feudal Age
12:49 Double-Bit Axe
14:04 Wheelbarrow
14:28 Stone Mining
16:30 Gold Mining
19:31 Castle Age
18:16 Fletching
19:04 Padded Archer Armor
20:51 Bodkin Arrow
20:36 Crossbowman
28:22 Ballistics
30:15 Leather Archer Armor
31:02 Forging
30:59 Scale Barding Armor
32:38 Thumb Ring
33:11 Husbandry
33:22 Bloodlines
32:33 Light Cavalry
36:07 Iron Casting
niColaus
4:06 Loom
12:45 Feudal Age
16:19 Castle Age
14:49 Town Watch
18:14 Double-Bit Axe
19:52 Horse Collar
20:52 Bow Saw
28:43 Wheelbarrow
30:45 Heavy Plow
31:43 Scale Barding Armor
34:09 Chain Barding Armor
35:28 Bloodlines
35:19 Husbandry
36:33 Stone Mining
38:03 Stone Shaft Mining
37:19 Gold Mining
41:17 Imperial Age
Pedro
6:09 Loom
13:17 Feudal Age
17:55 Castle Age
16:39 Double-Bit Axe
20:07 Bow Saw
19:51 Town Watch
27:54 Wheelbarrow
35:09 Imperial Age
33:36 Hand Cart
35:08 Chemistry
34:34 Scale Mail Armor
34:45 Forging
33:58 Pikeman
35:15 Town Patrol
36:20 Conscription
Omarix
5:17 Loom
14:15 Feudal Age
14:50 Double-Bit Axe
18:10 Gold Mining
20:54 Wheelbarrow
20:33 Horse Collar
23:16 Castle Age
21:58 Fletching
23:20 Padded Archer Armor
24:18 Bow Saw
24:32 Crossbowman
25:54 Bodkin Arrow
27:17 Heavy Plow
30:32 Ballistics
30:23 Thumb Ring
32:38 Hand Cart
32:19 Stone Mining
35:01 Town Watch
40:49 Imperial Age
Connection lost

Rejoining the realm…

Still unreachable

The connection could not be restored.

Session expired

The server has moved on; the page needs a fresh start.